Map: [ESL] Goldenaura

Players

ShaDoWn

  • Race: Protoss Protoss
  • League: Master
  • Spawn Location: 12:00

RedpackCuKu (CuKu) - Winner!

  • Race: Terran Terran
  • League: Master
  • Spawn Location: 5:00

Event: HomeStory Cup XXIV

VOD

Have the link to the VOD?

Description

Time

  • Played on: Dec. 1, 2023, 2:07 p.m.
  • Length: 23:13

All games in this series

Show
View Real Time Build Order
Export as new Build Order

ShaDoWn Protoss 

Build Orders: 1 Gate Expand, Phoenix Opening 

Get SALT Encoding   

  12  0:00  Probe  
  13  0:12  Probe  
  14  0:17  Pylon  
  14  0:24  Probe  
  15  0:36  Probe (Chrono Boost)  
  15  0:38  Gateway  
  16  0:48  Assimilator, Probe (Chrono Boost)  
  17  0:52  Probe (Chrono Boost)  
  18  1:03  Probe  
  19  1:15  Probe  
  20  1:25  Cybernetics Core  
  22  1:35  Nexus  
  20  1:43  Pylon  
  20  1:45  Probe  
  21  1:53  Assimilator  
  21  1:57  Probe  
  21  1:58  Adept (Chrono Boost)  
  24  2:09  Probe  
  25  2:20  Stargate  
  25  2:21  Probe  
  26  2:25  Adept  
  28  2:33  Probe  
  29  2:37  Shield Battery, Warp Gate  
  29  2:45  Probe  
  29  2:48  Probe  
  31  2:58  Probe  
  32  3:00  Probe  
  36  3:07  Phoenix (Chrono Boost)  
  36  3:10  Probe  
  36  3:15  Probe  
  36  3:16  Adept  
  37  3:21  Shield Battery  
  39  3:27  Probe  
  39  3:28  Gateway  
  39  3:29  Phoenix (Chrono Boost)  
  39  3:33  Probe  
  41  3:39  Probe  
  42  3:42  Pylon  
  42  3:45  Probe  
  43  3:50  Phoenix (Chrono Boost)  
  43  3:51  Probe  
  46  4:00  Probe  
  47  4:03  Probe  
  47  4:04  Pylon  
  47  4:05  Assimilator  
  47  4:06  Assimilator  
  47  4:08  Phoenix  
  50  4:12  Probe  
  50  4:15  Robotics Facility  
  51  4:18  Probe  
  52  4:24  Pylon  
  52  4:25  Probe  
  52  4:30  Probe  
  54  4:33  Phoenix  
  54  4:37  Probe  
  57  4:44  Probe  
  58  4:46  Gateway, Pylon  
  58  4:49  Probe  
  58  5:03  Observer (Chrono Boost)  
  59  5:09  Probe  
  59  5:10  Probe  
  59  5:12  Nexus  
  60  5:18  Observer (Chrono Boost)  
  53  5:21  Probe  
  53  5:23  Probe  
  52  5:31  Pylon  
  52  5:38  Probe  
  52  5:40  Probe  
  54  5:45  Stalker x2  
  58  5:50  Probe (Chrono Boost)  
  58  5:55  Probe (Chrono Boost)  
  52  6:02  Probe (Chrono Boost)  
  54  6:04  Probe (Chrono Boost), Robotics Bay  
  54  6:07  Probe (Chrono Boost)  
  54  6:09  Probe (Chrono Boost)  
  55  6:16  Probe  
  57  6:21  Probe  
  57  6:22  Immortal (Chrono Boost)  
  62  6:27  Probe  
  62  6:29  Probe  
  64  6:33  Probe  
  64  6:37  Shield Battery  
  66  6:40  Probe  
  66  6:41  Probe  
  66  6:42  Observer  
  66  6:45  Probe  
  68  6:50  Colossus (Chrono Boost)  
  68  6:52  Probe (Chrono Boost)  
  68  6:53  Probe (Chrono Boost)  
  76  6:57  Phoenix  
  76  6:58  Probe (Chrono Boost)  
  79  7:04  Probe (Chrono Boost)  
  79  7:05  Extended Thermal Lance, Probe (Chrono Boost)  
  82  7:09  Probe (Chrono Boost)  
  82  7:11  Probe x2 (Chrono Boost)  
  82  7:13  Probe (Chrono Boost)  
  85  7:18  Forge, Probe  
  85  7:19  Probe  
  85  7:20  Twilight Council  
  87  7:24  Probe  
  87  7:29  Pylon  
  87  7:30  Probe  
  87  7:31  Probe  
  87  7:32  Stalker  
  87  7:34  Disruptor (Chrono Boost)  
  87  7:36  Probe  
  96  7:43  Phoenix  
  99  7:44  Zealot  
  99  7:47  Probe  
  102  7:54  Gateway  
  102  7:55  Gateway  
  102  7:56  Charge  
  102  7:58  Zealot x2  
  105  7:59  Protoss Ground Weapons Level 1 (Chrono Boost)  
  105  8:01  Gateway  
  105  8:02  Photon Cannon  
  105  8:06  Immortal (Chrono Boost)  
  105  8:12  Pylon  
  109  8:13  Assimilator  
  109  8:17  Assimilator  
  109  8:29  Pylon x2  
  109  8:30  Probe  
  109  8:32  Gateway  
  109  8:33  Gateway  
  110  8:35  Colossus (Chrono Boost)  
  110  8:40  Nexus  
  116  8:42  Pylon  
  116  8:48  Zealot x3  
  122  8:55  Templar Archives  
  120  9:17  Colossus (Chrono Boost)  
  120  9:20  Zealot x6  
  138  9:24  Shield Battery  
  138  9:26  Probe  
  135  9:37  Pylon  
  135  9:38  Pylon  
  133  9:43  High Templar  
  133  9:44  High Templar x3  
  133  9:45  Zealot  
  141  9:47  Forge  
  141  9:50  Archon x2, Pylon  
  141  9:53  Probe, Pylon  
  141  9:54  Immortal (Chrono Boost)  
  141  9:59  Photon Cannon  
  146  10:03  Protoss Ground Weapons Level 2 (Chrono Boost), Probe  
  146  10:04  Zealot x3  
  153  10:13  Probe  
  154  10:17  Zealot x2, Blink  
  154  10:18  Stalker x3  
  154  10:19  Probe  
  165  10:24  Probe  
  165  10:25  Probe  
  165  10:27  Observer  
  162  10:36  Stalker x3  
  162  10:39  Protoss Ground Armor Level 1 (Chrono Boost)  
  168  10:43  Photon Cannon  
  168  10:48  Nexus  
  168  10:50  Dark Shrine, Pylon  
  168  10:53  Warp Prism (Chrono Boost)  
  170  11:03  Zealot  
  170  11:04  Zealot x4  
  180  11:10  Probe  
  179  11:12  Probe  
  180  11:20  Stalker x3  
  180  11:22  Probe  
  187  11:28  Stalker x4  
  187  11:30  Pylon  
  193  11:34  Disruptor (Chrono Boost)  
  191  11:44  Shield Battery  
  191  11:46  Photon Cannon  
  191  11:48  High Templar x2, Photon Cannon, Pylon  
  191  11:52  Archon  
  191  11:54  Zealot x4  
  191  12:04  Nexus  
  191  12:05  Protoss Ground Weapons Level 3 (Chrono Boost)  
  191  12:07  Disruptor (Chrono Boost)  
  195  12:13  Photon Cannon  
  192  12:16  Dark Templar x4  
  192  12:21  Zealot x4  
  200  12:26  Pylon  
  198  12:32  Probe  
  193  12:38  Probe  
  180  12:47  Stalker x4  
  180  12:50  Probe x2  
  180  12:51  Probe x2  
  182  13:02  Disruptor (Chrono Boost), Probe  
  182  13:04  Gateway  
  182  13:05  Gateway  
  177  13:07  Gateway  
  177  13:18  Assimilator  
  177  13:19  Assimilator  
  177  13:25  Zealot x8  
  193  13:30  Protoss Ground Armor Level 2 (Chrono Boost)  
  193  13:32  Observer  
  176  13:52  Dark Templar, Zealot x5  
  176  13:53  Observer (Chrono Boost), Zealot x2  
  181  14:01  Zealot x3  
  161  14:06  Probe  
  161  14:08  Observer  
  161  14:09  Robotics Facility  
  156  14:11  Disruptor (Chrono Boost)  
  156  14:16  Zealot x7  
  158  14:19  Zealot x7  
  150  14:29  Pylon  
  146  14:33  Shadow Stride  
  146  14:35  Nexus  
  146  14:36  Psionic Storm  
  146  14:37  Observer, High Templar  
  149  14:39  High Templar  
  149  14:40  High Templar  
  149  14:42  Sentry  
  149  14:43  Zealot x2  
  149  14:44  Zealot x3  
  165  14:45  Nexus  
  164  14:55  Pylon, Probe x3  
  164  14:57  Disruptor (Chrono Boost), Pylon, Probe  
  172  15:01  Protoss Shields Level 1 (Chrono Boost)  
  176  15:09  Disruptor (Chrono Boost)  
  172  15:19  Zealot x5  
  172  15:20  Zealot x2  
  180  15:26  Shield Battery  
  180  15:27  High Templar, Photon Cannon  
  180  15:28  High Templar  
  184  15:29  Shield Battery  
  184  15:31  Photon Cannon  
  184  15:32  Photon Cannon  
  184  15:35  Photon Cannon  
  184  15:36  Photon Cannon  
  184  15:42  Zealot x5  
  186  15:43  Zealot x3  
  199  15:51  Nexus  
  199  15:56  Pylon  
  199  16:11  Zealot  
  190  16:23  Nexus, Zealot  
  190  16:24  Zealot x5  
  178  16:43  Stalker x3  
  178  16:45  Shield Battery  
  184  16:47  Photon Cannon  
  184  16:48  Dark Templar x8, Photon Cannon  
  200  16:55  Pylon  
  200  16:57  Gravitic Boosters  
  198  17:04  Protoss Ground Armor Level 3 (Chrono Boost)  
  188  17:17  Stalker  
  186  17:30  Dark Templar x4  
  186  17:31  Dark Templar x3  
  196  17:40  Probe x2  
  196  17:43  Zealot x4  
  164  17:59  Disruptor (Chrono Boost)  
  164  18:02  Probe  
  164  18:04  Probe  
  152  18:06  Stalker x3  
  152  18:07  Zealot x7, Stalker  
  152  18:08  Probe  
  152  18:09  Probe  
  167  18:13  Probe  
  167  18:14  Probe  
  167  18:15  Assimilator x2  
  167  18:16  Probe  
  164  18:20  Photon Cannon, Probe  
  164  18:21  Probe  
  148  18:27  Immortal (Chrono Boost)  
  148  18:31  Zealot x9  
  166  18:41  Disruptor (Chrono Boost)  
  168  18:47  Dark Templar  
  170  18:53  Zealot x5  
  180  19:06  Zealot x5  
  150  19:19  Zealot x4, Stalker  
  128  19:26  Immortal (Chrono Boost)  
  117  19:34  Zealot, Stalker x5  
  117  19:37  Observer  
  119  19:44  Immortal (Chrono Boost), Stalker x5  
  117  19:57  Stalker x5  
  117  19:59  Observer (Chrono Boost)  
  119  20:01  Zealot  
  117  20:08  Zealot x5  
  117  20:12  Immortal (Chrono Boost)  
  112  20:22  Zealot x2  
  112  20:23  Zealot x4  
  113  20:35  Observer (Chrono Boost)  
  103  20:39  Nexus  
  103  20:42  Observer (Chrono Boost)  
  94  20:59  Disruptor (Chrono Boost)  
  94  21:02  Colossus (Chrono Boost)  
  102  21:09  Dark Templar x4  
  106  21:22  Zealot x5  
  109  21:34  Zealot x2  
  109  21:38  Disruptor (Chrono Boost)  
  103  21:44  Stalker x4  
  81  22:02  Observer, Zealot x6  
  78  22:20  Stalker x5  
  88  22:33  Observer (Chrono Boost)  
  88  22:36  Stalker x3  
  76  22:48  Zealot x4  
  82  22:57  Stalker  
  83  23:05  Stalker  
  77  23:06  Zealot  
  77  23:07  Zealot x2  
Show
View Real Time Build Order
Export as new Build Order

RedpackCuKu Terran - Winner!

Build Orders:  

Get SALT Encoding   

  12  0:00  SCV  
  13  0:12  SCV  
  14  0:20  Supply Depot  
  14  0:24  SCV  
  15  0:41  SCV  
  15  0:42  Barracks  
  16  0:48  Refinery  
  16  0:53  Refinery  
  16  0:54  SCV  
  17  1:06  SCV  
  18  1:19  SCV  
  19  1:30  Reaper  
  19  1:31  Orbital Command  
  20  1:33  Supply Depot  
  20  1:47  Factory  
  20  1:58  SCV  
  21  2:02  Barracks Reactor  
  21  2:11  SCV  
  22  2:24  Command Center  
  22  2:26  SCV  
  23  2:38  SCV  
  23  2:44  Hellion x2  
  28  2:47  Supply Depot  
  28  2:52  SCV  
  28  2:56  Starport  
  27  3:07  Widow Mine x2  
  31  3:16  SCV  
  31  3:28  Widow Mine x2, SCV  
  31  3:33  Medivac  
  38  3:38  Orbital Command  
  38  3:47  Armory  
  38  3:48  SCV  
  38  3:55  Widow Mine  
  41  3:57  Widow Mine  
  41  4:01  SCV  
  44  4:08  Medivac  
  44  4:09  SCV  
  47  4:12  Supply Depot  
  47  4:14  SCV  
  48  4:19  Widow Mine  
  48  4:22  Widow Mine  
  48  4:23  SCV  
  53  4:31  SCV  
  54  4:35  SCV  
  51  4:41  Barracks Tech Lab  
  51  4:43  SCV  
  52  4:47  SCV  
  52  4:48  Viking  
  55  4:55  SCV  
  55  4:59  SCV  
  55  5:01  Command Center  
  55  5:05  Cyclone x2  
  57  5:07  SCV  
  57  5:09  Marine  
  57  5:11  SCV  
  60  5:19  SCV  
  61  5:24  SCV  
  61  5:26  Viking, Marine  
  65  5:31  SCV  
  66  5:36  SCV  
  66  5:37  Cyclone x2  
  65  5:43  SCV  
  65  5:46  Barracks  
  65  5:48  Barracks  
  65  5:49  SCV  
  61  5:57  Viking  
  61  6:02  Engineering Bay  
  61  6:03  Engineering Bay  
  61  6:04  Marine  
  61  6:05  Stimpack  
  62  6:13  Orbital Command  
  62  6:15  SCV  
  63  6:19  Factory Tech Lab, Refinery  
  63  6:20  Refinery  
  63  6:27  Marine  
  63  6:29  Starport Tech Lab  
  63  6:30  SCV  
  65  6:38  SCV  
  64  6:43  SCV  
  64  6:45  Terran Infantry Armor Level 1  
  63  6:47  Factory Reactor  
  63  6:50  SCV  
  63  6:53  Marine x2  
  63  6:54  SCV  
  67  6:59  Marine x2  
  69  7:05  Barracks  
  69  7:06  Barracks, Orbital Command, Missile Turret x2  
  69  7:11  Combat Shield  
  69  7:14  SCV  
  70  7:16  Starport Reactor  
  70  7:21  Marine x2, SCV  
  73  7:26  SCV, Marine  
  76  7:31  Missile Turret  
  76  7:33  SCV x2  
  77  7:39  SCV  
  75  7:45  SCV x2  
  75  7:47  Marine  
  75  7:48  Marine  
  75  7:49  Marine x2  
  81  7:52  SCV  
  81  7:57  SCV  
  81  7:58  Barracks Reactor  
  83  8:00  Medivac  
  83  8:04  SCV x2, Medivac  
  89  8:06  Supply Depot x2  
  89  8:07  Supply Depot, Marauder  
  89  8:08  Marauder  
  89  8:10  Concussive Shells, Supply Depot  
  93  8:21  SCV  
  93  8:22  Marauder, Widow Mine x2, SCV x2  
  101  8:27  Marine x2  
  101  8:28  Marauder  
  101  8:29  Marauder  
  101  8:33  Medivac, SCV  
  110  8:35  SCV  
  110  8:37  Marine  
  110  8:38  Marine  
  110  8:40  Terran Infantry Armor Level 2, Terran Infantry Weapons Level 1  
  110  8:41  Supply Depot x2  
  113  8:43  Marine  
  113  8:45  Marine, Refinery  
  113  8:46  Widow Mine, Refinery  
  117  8:49  Marauder  
  117  8:54  SCV  
  120  8:55  Marine  
  120  8:56  Marine  
  120  8:58  Bunker  
  121  9:06  Marauder  
  121  9:09  SCV  
  123  9:14  Marauder x2, Marine x3  
  123  9:16  SCV  
  127  9:24  Viking x2, Starport  
  127  9:25  SCV  
  132  9:33  Marauder  
  134  9:42  Marauder x2  
  138  9:48  Marine x2  
  144  9:54  Viking  
  146  10:01  Command Center, Supply Depot  
  146  10:02  Supply Depot  
  146  10:03  Supply Depot  
  146  10:06  Ghost Academy  
  142  10:07  Marauder  
  142  10:08  Marauder x2  
  142  10:12  Marine x2  
  142  10:13  Sensor Tower, Factory Reactor  
  150  10:14  Marine  
  150  10:21  SCV  
  150  10:22  SCV  
  150  10:27  SCV  
  151  10:29  Marauder x2  
  151  10:31  Marauder  
  151  10:33  SCV  
  151  10:34  SCV  
  159  10:48  Marine  
  159  10:49  Ghost  
  160  10:50  Ghost  
  160  10:52  Ghost  
  160  10:55  Marine x3  
  160  10:56  Viking  
  171  10:59  Viking  
  173  11:06  Marine  
  174  11:13  Marine  
  174  11:17  Marine x2  
  177  11:20  Ghost  
  177  11:25  Marauder  
  175  11:26  Terran Infantry Weapons Level 2, Terran Infantry Armor Level 3  
  175  11:35  Marauder  
  175  11:44  Marine x2  
  175  11:46  Marauder  
  179  11:49  Marauder  
  179  11:50  Marine  
  179  11:56  Marauder  
  179  12:05  Planetary Fortress, SCV  
  179  12:06  SCV x2  
  179  12:08  Marine, Marauder  
  185  12:11  Marauder  
  187  12:17  Ghost  
  187  12:20  Medivac x2  
  191  12:22  Marine  
  191  12:23  Marine  
  191  12:24  Marine  
  191  12:26  Marine  
  191  12:29  Barracks  
  195  12:31  Barracks  
  195  12:34  Barracks  
  195  12:40  Marauder x2  
  192  12:46  Marauder  
  187  12:51  SCV  
  187  12:56  Marine  
  187  12:57  Missile Turret  
  187  12:58  Marine x2  
  177  13:00  SCV  
  177  13:01  SCV x2, Marauder x2  
  177  13:03  Missile Turret, SCV  
  185  13:07  Marauder  
  187  13:13  SCV  
  187  13:14  SCV x2  
  187  13:19  Barracks Tech Lab x2  
  190  13:22  Marauder  
  190  13:25  Missile Turret  
  194  13:27  Marauder  
  194  13:29  Marauder  
  176  13:43  Marine, Marauder x2  
  176  13:44  Marauder  
  176  13:45  SCV x4  
  176  13:46  Marine x2  
  176  13:48  Marauder, Marine  
  181  14:02  Marauder  
  141  14:03  Marine  
  141  14:04  Marauder x2, Marine  
  141  14:05  Terran Infantry Weapons Level 3, Marauder  
  145  14:16  Marauder  
  145  14:18  Marine x2  
  145  14:19  Marine  
  145  14:20  SCV x2  
  145  14:21  Marine  
  145  14:23  Marauder  
  152  14:27  Marauder  
  152  14:29  Marine  
  152  14:30  SCV  
  159  14:36  Marine x2  
  159  14:37  Marine  
  162  14:40  Ghost, SCV  
  162  14:41  Ghost  
  162  14:42  Marine  
  162  14:43  Marine  
  162  14:44  Ghost  
  167  14:51  Ghost, SCV  
  170  14:55  Widow Mine  
  170  14:59  Marine  
  173  15:00  Marauder, Marine  
  173  15:03  Marine  
  177  15:10  Marauder x2  
  177  15:13  Marauder, Marine  
  171  15:16  Widow Mine  
  171  15:20  Marauder  
  175  15:21  Marauder  
  175  15:25  Marine  
  175  15:26  Marine  
  179  15:31  Marauder x2  
  179  15:35  Marauder  
  185  15:42  Marauder  
  182  15:43  Marauder  
  184  15:50  Marine  
  184  15:52  Marine  
  184  15:53  Marauder x2  
  184  15:54  Marine x2  
  184  15:56  Marauder  
  193  16:00  Marine  
  193  16:03  Command Center, Widow Mine  
  196  16:08  Ghost  
  196  16:19  Marine x2  
  196  16:22  Marine  
  196  16:23  Medivac, Marauder  
  196  16:27  Marine x2  
  196  16:29  Widow Mine, Marine  
  172  16:33  Marauder x2  
  172  16:37  Marine, Marauder x2  
  168  16:40  Marine  
  168  16:44  Marine  
  168  16:45  Marine x2  
  168  16:46  Marine  
  173  16:51  Widow Mine  
  175  16:54  Marauder x2  
  175  16:55  Marine  
  175  16:58  Marauder, Marine  
  175  16:59  Orbital Command, Marauder  
  185  17:01  Ghost  
  185  17:03  Marine x2  
  185  17:05  Marine  
  185  17:07  Orbital Command  
  188  17:12  Widow Mine  
  188  17:13  Marine  
  190  17:19  Marauder  
  190  17:23  Marauder  
  190  17:24  Marauder x2  
  190  17:25  Marine  
  194  17:30  Ghost  
  191  17:40  Marauder  
  191  17:42  Marine  
  181  17:44  Marauder  
  181  17:45  Marauder  
  181  17:46  Marauder  
  164  17:51  Widow Mine  
  164  17:52  Marine  
  164  17:53  Marine  
  164  17:54  Marine  
  164  17:55  Marine  
  159  17:59  Marine, Marauder  
  159  18:01  Marauder  
  160  18:06  Marauder  
  160  18:07  Marauder x2  
  160  18:08  SCV x2  
  160  18:09  SCV  
  160  18:10  Marine  
  160  18:11  Marine  
  160  18:12  Marine  
  173  18:13  Widow Mine  
  165  18:20  Marauder  
  165  18:23  Marauder  
  171  18:27  Marauder  
  171  18:28  Marine, Marauder  
  171  18:29  Marauder  
  171  18:33  Command Center, Marine  
  177  18:40  Planetary Fortress  
  177  18:42  Marauder  
  177  18:48  SCV x2  
  178  18:51  Marauder, Marine  
  179  18:57  Marauder x2, Marine  
  179  19:00  Marauder  
  185  19:05  Marauder, Marine  
  185  19:07  Marine  
  185  19:08  Marine  
  190  19:13  Widow Mine, Marauder  
  190  19:15  Marine  
  164  19:17  Marine  
  164  19:18  Marauder  
  164  19:19  Medivac x2, Marauder  
  164  19:21  Marauder  
  164  19:22  Marine  
  156  19:25  Marine, SCV  
  156  19:26  Marine, Marauder  
  151  19:34  Marauder  
  138  19:39  Marine  
  138  19:40  Marine, Marauder x2  
  138  19:43  Marauder  
  138  19:44  Widow Mine  
  138  19:45  Marine  
  144  19:48  Marauder  
  144  19:50  Marine  
  144  19:52  Medivac  
  145  19:54  Marine  
  145  19:55  Marauder  
  145  19:57  Marine  
  149  20:01  Marauder x2  
  149  20:04  Medivac x2, Marauder  
  149  20:05  Widow Mine  
  160  20:09  Marine x2  
  152  20:14  Ghost  
  152  20:19  Marine x2  
  152  20:20  Marauder, Marine  
  152  20:26  Widow Mine  
  138  20:32  Marauder, Marine  
  132  20:41  Marauder, Marine x4  
  132  20:42  Marine x2  
  124  20:44  Marine  
  124  20:48  Widow Mine  
  123  20:50  Marine  
  123  20:51  Liberator x2  
  123  20:53  Marine  
  124  20:58  Marine  
  124  20:59  Marine x3  
  124  21:01  Marine x2  
  128  21:04  Ghost  
  128  21:06  Marauder  
  128  21:07  Marine  
  128  21:09  Widow Mine  
  135  21:11  Marauder  
  135  21:16  Marine x2  
  131  21:20  Marauder, Marine  
  131  21:23  Marauder, Marine  
  131  21:25  Marine  
  133  21:27  Marauder  
  133  21:31  Widow Mine  
  133  21:32  Marine  
  138  21:33  Marine  
  138  21:34  Marine x2  
  138  21:37  Marine  
  139  21:41  Marine  
  139  21:42  Marauder  
  139  21:43  Marine  
  139  21:45  Marauder  
  139  21:46  Planetary Fortress  
  145  21:48  Marauder  
  145  21:51  Marine, Marauder  
  145  21:52  Widow Mine  
  140  22:03  Marauder  
  140  22:06  Marauder  
  137  22:12  Marauder x2, Marine  
  137  22:14  Marauder  
  137  22:15  Marine  
  140  22:22  Missile Turret  
  129  22:23  Medivac x2  
  129  22:24  Marauder  
  129  22:28  Marine x2  
  129  22:29  Marine x2  
  136  22:30  Marine  
  136  22:32  Marine  
  136  22:33  Marine  
  136  22:40  Marauder  
  136  22:43  Marine  
  135  22:46  Marauder  
  135  22:49  Marine, Marauder  
  135  22:51  Marauder, Marine x2  
  140  22:55  Marine x2  
Tags
 
Add a new tag
Caveats
  • Supply blocks, unpowered buildings, or Contaminate may cause inaccurate times.
  • Supply counts are checked every 10 seconds.